 Dungeon Crawl Stone Soup version 0.29.0-11-gd7f09526c8 (webtiles) character file.

Game seed: 16538663666477170958

41 PhineusFerb the Trooper (level 3, -8/33 HPs)
             Began as a Hill Orc Fighter on Sept 5, 2022.
             Mangled by an ogre
             ... wielding a +0 giant club
              (14 damage)
             ... on level 4 of the Dungeon.
             The game lasted 00:03:31 (401 turns).

PhineusFerb the Trooper (Hill Orc Fighter)           Turns: 401, Time: 00:03:32

Health: -8/33      AC: 10    Str: 20    XL:     3   Next: 52%
Magic:  3/3        EV:  7    Int:  8    God:
Gold:   21         SH:  4    Dex: 10    Spells: 2/2 levels left

rFire   . . .      SeeInvis .   a - +0 war axe
rCold   . . .      Faith    .   c - +0 buckler
rNeg    . . .      Spirit   .   e - +0 chain mail
rPois   .          Reflect  .   (no helmet)
rElec   .          Harm     .   (no cloak)
rCorr   .          Rampage  .   (no gloves)
Will    .....                   f - +0 pair of boots
Stlth   ..........              (no amulet)
HPRegen 0.11/turn               (no ring)
MPRegen 0.08/turn               (no ring)

@: no status effects
A: no striking features
a: no special abilities


You were on level 4 of the Dungeon.
You visited 1 branch of the dungeon, and saw 4 of its levels.

You collected 21 gold pieces.

Inventory:

Hand Weapons
 a - a +0 war axe (weapon)
Armour
 b - a +0 scale mail
 c - a +0 buckler (worn)
 e - a +0 chain mail (worn)
 f - a +0 pair of boots (worn)
Wands
 g - a wand of mindburst (12)
 h - a wand of flame (13)
Potions
 d - a potion of curing


   Skills:
 + Level 4.3 Fighting
 + Level 3.3 Axes
 + Level 3.6 Armour
 + Level 3.7 Shields


You had 2 spell levels left.
You didn't know any spells.
Your spell library was empty.

Dungeon Overview and Level Annotations

Branches:
Dungeon (4/15)
 Temple: D:4-7

Altars:

Shops:
D:3 (


Message History

d - a potion of curing You feel yourself slow down.
You slice the orc!!
You kill the orc!
Things that are here:
a +0 hand axe; a +0 club; an orc corpse
Things that are here:
a +0 short sword; a +0 hand axe
Found a helmet.
h - a wand of flame (13)
There are no items here.
A giant cockroach comes into view.
You are starting to lose your buoyancy.
You see here 4 gold pieces.
You now have 4 gold pieces.
You hit the giant cockroach.
The giant cockroach is severely wounded.
The giant cockroach barely misses you. x2
You hit the giant cockroach.
You kill the giant cockroach!
You see here a giant cockroach corpse.
You float gracefully downwards.
There is a stone staircase leading down here.
You climb downwards.
Found 17 gold pieces.
There is a stone staircase leading up here.
Found a scroll labelled FUNULO DIRGH.
You now have 21 gold pieces (gained 17).
i - a scroll labelled FUNULO DIRGH
As you read the scroll labelled FUNULO DIRGH, it crumbles to dust.
You assume a fearsome visage.
Nothing appears to happen.
It was a scroll of fear.
You feel a little less mighty now.
An ogre comes into view. It is wielding a +0 giant club.
The ogre shouts!
The ogre hits you with a +0 giant club!!
Ouch! That really hurt!
* * * LOW HITPOINT WARNING * * *
You closely miss the ogre. The ogre hits you with a +0 giant club!
You die...

#...................
.................#..
.................# .
.................##
..................#
..................#
..................##
............#......#
##.........##..O@..#
###......####.....#
###...## #.......#
##### #..#....#
#...####... .....#
###. ...#.## # #####


You could see an ogre.

Vanquished Creatures
  An orc wizard (D:3)
  5 orcs (D:3)
  A ball python (D:1)
  An endoplasm (D:1)
  A giant cockroach (D:3)
  A hobgoblin (D:1)
  A rat (D:2)
11 creatures vanquished.

Notes
Turn   | Place    | Note
-------+----------+-------------------------------------------
     0 | D:1      | PhineusFerb the Hill Orc Fighter began the quest for the
                  | Orb.
     0 | D:1      | Reached XP level 1. HP: 19/19 MP: 1/1
   258 | D:3      | Found Odesylesh's Antique Weapon Boutique.
   284 | D:3      | Noticed an orc wizard
   290 | D:3      | Reached XP level 2. HP: 20/27 MP: 2/2
   311 | D:3      | Reached skill level 4 in Fighting
   311 | D:3      | Reached XP level 3. HP: 21/33 MP: 3/3
   395 | D:4      | Noticed an ogre
   401 | D:4      | Mangled by an ogre

Illustrated notes

Levels and vault maps discovered:
D:1:      minmay_arrival_four_loops, layout_basic
D:2:      layout_basic, shapermc_ecumenical_altar_starsandcircs,
          dreamdust_mushroom_princess, nicolae_kite_square_tiling_tiny,
          hex_medium
D:3:      layout_rooms, lemuel_zombie_altar_yredelemnul,
          biasface_ghost_orc_armoury, serial_shops, shop, nicolae_shop_crystal,
          nicolae_shop_stone, small_statue_intersection
D:4:      layout_cave_pods

Skill      XL: |  1  2 |
---------------+-------+-----
Axes           | 3 |  3.3
Fighting       | 4 |  4.3
Armour         | |  3.6
Shields        | |  3.7

Action                   || total
-------------------------++-------
Melee: War axe           ||    22
  Use: Scroll            ||     6
       Potion            ||     4
Armor: Scale mail        ||     4
       Chain mail        ||     3
Dodge: Dodged            ||     9
Block: Buckler           ||     1
